 Dungeon Crawl Stone Soup version 0.31.0-11-ge490571c62 (webtiles) character file.

Game seed: 15203258053133609719

280 Ijustatesigmund the Trooper (level 6, 0/40 HPs)
             Began as a Gargoyle Fighter on Feb 7, 2024.
             Slain by an ogre
             ... wielding a +0 giant club
              (4 damage)
             ... on level 4 of the Dungeon.
             The game lasted 00:03:49 (2859 turns).

Ijustatesigmund the Trooper (Gargoyle Fighter)      Turns: 2859, Time: 00:03:49

Health: 0/40       AC: 11    Str: 19    XL:     6   Next: 27%
Magic:  6/6        EV:  9    Int: 11    God:
Gold:   182        SH:  4    Dex:  9    Spells: 5/5 levels left

rFire   . . .        a - +0 flail
rCold   . . .        c - +0 buckler
rNeg    + . .        b - +0 scale mail
rPois   ∞            (no helmet)
rElec   +            (no cloak)
rCorr   .            (no gloves)
SInv    .            (no boots)
Will    .....        (no amulet) Stlth
                     (no ring)
HPRegen 0.26/turn    (no ring)
MPRegen 0.10/turn

%: no passive effects
@: silenced
A: sickness immunity, AC +4, negative energy resistance 1, electricity
resistance, torment resistance 1, petrification resistance
a: no special abilities


You were on level 4 of the Dungeon.
You visited 1 branch of the dungeon, and saw 4 of its levels.

You collected 182 gold pieces.

Inventory:

Hand Weapons
 a - a +0 flail (weapon)
Armour
 b - a +0 scale mail (worn)
 c - a +0 buckler (worn)
Jewellery
 h - a +5 ring of evasion
Wands
 p - a wand of flame (17)
Scrolls
 f - a scroll of immolation {unknown}
 i - a scroll of enchant weapon {unknown}
 j - a scroll of identify
 k - 4 scrolls of fog
 l - a scroll of teleportation {unknown}
 m - a scroll of fear {unknown}
 n - a scroll of noise {unknown}
 o - 2 scrolls of silence
 q - a scroll of amnesia {unknown}
Potions
 d - a potion of might
 e - 2 potions of resistance
 g - a potion of attraction


   Skills:
 + Level 5.1 Fighting
 + Level 4.8 Maces & Flails
 - Level 3.2 Armour
 - Level 3.2 Shields
 + Level 1.7 Evocations


You had 5 spell levels left.
You didn't know any spells.
Your spell library contained the following spells:

 Spells                   Type           Power      Damage    Failure   Level
 Animate Dead             Necr           0%         N/A       100%        4
 Haunt                    Necr/Summ      0%         N/A       100%        7
 Infestation              Necr           0%         N/A       100%        8


Dungeon Overview and Level Annotations

Branches:
Dungeon (4/15)
 Temple: D:4-7

Altars:
Yredelemnul

Annotations:
D:3 1 runed translucent door


Innate Abilities, Weirdness & Mutations

You are immune to sickness and miasma.
Your stone body is resilient. (AC +4)
You are immune to poison.
You resist negative energy. (rN+)
You are resistant to electric shocks. (rElec)
You are resistant to unholy torment.
You are immune to petrification.


Message History

You hit the iguana but do no damage.
The iguana is almost dead.
The iguana bites you but does no damage.
You barely miss the iguana.
The iguana is almost dead.
The iguana barely misses you. The iguana bites you.
You hit the iguana.
You kill the iguana!
You see here an iguana corpse.
Found a stone staircase leading down.
An ogre comes into view. It is wielding a +0 giant club.
There is a stone staircase leading down here.
The ogre barely misses you.
You hit the ogre.
The ogre is lightly wounded.
The ogre closely misses you.
You hit the ogre but do no damage.
The ogre is lightly wounded.
You hit the ogre.
The ogre is lightly wounded.
The ogre barely misses you.
You hit the ogre.
The ogre is moderately wounded.
The ogre hits you with a +0 giant club!
You hit the ogre.
The ogre is moderately wounded.
The ogre hits you with a +0 giant club!!
Ouch! That really hurt!
* * * LOW HITPOINT WARNING * * *
You are too injured to fight recklessly!
You are too injured to fight recklessly!
You are too injured to fight recklessly!
You are too injured to fight recklessly!
You are too injured to fight recklessly!
You are too injured to fight recklessly!
Okay, then.
As you read the scroll labelled YRE WUETEETY, it crumbles to dust.
A profound silence engulfs you.
It was a scroll of silence.
The ogre hits you with a +0 giant club.
You die...

#........## .....#
.#..
#.........###....#.
##...##............
#..## ##...........
#.. ##...####..# ..
#...## #..##
#...###....#
..######...#......#
#...........@O#
#.........>.###
#.#######..## #..#
#.## #.. ... ...##
##.#


You could see an ogre.

Vanquished Creatures
  A hound (D:4)
  A human skeleton (D:3)
  An iguana (D:4)
  An orc wizard (D:3)
  3 gnolls
  5 adders (D:2)
  A ribbon worm (D:2)
  3 dart slugs
  6 orcs (D:3)
  5 ball pythons
  6 endoplasms
  3 giant cockroaches
  8 goblins
  10 hobgoblins
  6 jackals
  11 kobolds
  A quokka (D:3)
  3 bats
  4 frilled lizards
  A kobold zombie (D:3)
  9 rats
89 creatures vanquished.

Notes
Turn   | Place    | Note
-------+----------+-------------------------------------------
     0 | D:1      | Ijustatesigmund the Gargoyle Fighter began the quest for
                  | the Orb.
     0 | D:1      | Reached XP level 1. HP: 14/14 MP: 1/1
    65 | D:1      | Reached XP level 2. HP: 10/19 MP: 2/2
   415 | D:1      | Reached XP level 3. HP: 24/24 MP: 3/3
  1002 | D:2      | Reached skill level 4 in Fighting
  1005 | D:2      | Reached XP level 4. HP: 26/29 MP: 4/4
  1728 | D:3      | Reached XP level 5. HP: 32/34 MP: 5/5
  2220 | D:3      | Noticed a human
  2221 | D:3      | Found a runed translucent door.
  2225 | D:3      | Found a basalt altar of Yredelemnul.
  2242 | D:3      | Reached skill level 1 in Evocations
  2566 | D:3      | Reached XP level 6. HP: 37/40 MP: 6/6
  2583 | D:3      | Reached skill level 5 in Fighting
  2859 | D:4      | Slain by an ogre

Illustrated notes

Levels and vault maps discovered:
D:1:      dpeg_arrival_short_road, layout_loops_cross, minmay_tetromino_s4
D:2:      layout_basic, kennysheep_generic_room_12
D:3:      layout_loops_ring, dk_yredelemnul_ordeal, guppyfry_early_orc_mine
D:4:      minmay_octagon_keep, layout_layer_cave, kennysheep_little_box,
          lemuel_tele_altar, mainiacjoe_overflow_small_starburst

Skill      XL: |  1  2  3  4  5  6 |
---------------+-------------------+-----
Maces & Flails | 3 4 |  4.8
Fighting       | 4 5 |  5.1
Evocations     | 1 |  1.7
Armour         | |  3.2
Shields        | |  3.2

Action                     |  1- 3 |  4- 6 || total
---------------------------+-------+-------++-------
  Melee: Flail             |   105 |   209 ||   314
    Use: Scroll            |       |     5 ||     5
 Armour: Scale mail        |    81 |   148 ||   229
  Dodge: Dodged            |    53 |   106 ||   159
  Block: Buckler           |    23 |    47 ||    70
